 Dungeon Crawl Stone Soup version 0.31-a0-632-g766dd24fdf (webtiles) character file.

Game seed: 11413266626519893769

102 javelincjr the Changeling (level 4, 0/42 HPs)
             Began as a Troll Shapeshifter on Aug 25, 2023.
             Killed by nerve-wracking pain
             ... invoked by Grinder
              (8 damage)
             ... on level 3 of the Dungeon.
             The game lasted 00:07:45 (1645 turns).

javelincjr the Changeling (Troll Shapeshifter)      Turns: 1645, Time: 00:07:45

Health: 0/42       AC:  4    Str: 23    XL:     4   Next: 50%
Magic:  3/3        EV: 10    Int:  6    God:
Gold:   131        SH:  0    Dex: 10    Spells: 3/3 levels left

rFire   . . .        k - +1 dagger (flame)
rCold   . . .        (no shield)
rNeg    . . .        a - +0 animal skin
rPois   .            (helmet currently unavailable)
rElec   .            (cloak currently unavailable)
rCorr   .            (gloves unavailable)
SInv    .            (boots unavailable)
Will    .....        (no amulet)
Stlth   +            (no ring)
HPRegen 1.07/turn    (no ring)
MPRegen 0.08/turn

%: no passive effects
@: beast-form
A: beast (slay +2), large, unfitting armour, claws 3, regeneration 1, shaggy fur
1, tough skin 1
a: Begin Untransformation


You were on level 3 of the Dungeon.
You were a hulking beast.
You visited 1 branch of the dungeon, and saw 3 of its levels.

You collected 131 gold pieces.

Inventory:

Hand Weapons
 k - a +1 dagger of flaming (weapon)
 r - a +0 dagger of venom
Armour
 a - a +0 animal skin (worn)
Talismans
 c - a beast talisman (active)
 d - a flux talisman
Scrolls
 e - a scroll of blinking
 g - a scroll of immolation {unknown}
 h - a scroll of silence {unknown}
 j - a scroll of enchant armour {unknown}
 l - a scroll of enchant weapon {unknown}
 m - a scroll of teleportation {unknown}
 o - a scroll of poison {unknown}
Potions
 b - 7 potions of lignification
 f - 2 potions of degeneration
 i - a potion of curing {unknown}
 n - a potion of berserk rage {unknown}
 p - a potion of resistance {unknown}
 q - 2 potions of ambrosia


   Skills:
 + Level 1.7 Fighting
 + Level 2.2 Dodging
 + Level 3.5 Unarmed Combat
 * Level 3.8 Shapeshifting


You had 3 spell levels left.
You didn't know any spells.
Your spell library contained the following spells:

 Spells                   Type           Power      Damage    Failure   Level
 Slow                     Hex            0%         N/A       45%         1
 Confusing Touch          Hex            0%         N/A       83%         3
 Vampiric Draining        Necr           0%         2d6       83%         3


Dungeon Overview and Level Annotations

Branches:
Dungeon (3/15)

Altars:
The Shining One

Annotations:
D:3 Grinder


Innate Abilities, Weirdness & Mutations

You are a hulking beast.
Your limbs bulge with bestial killing power. (Slay +2)
You are too large for most types of armour.
You have claws for hands.
Your natural rate of healing is unusually fast.
You are covered in fur. (AC +1)
You have tough skin. (AC +1)


Message History

You are too injured to fight recklessly!
You are too injured to fight recklessly!
You are too injured to fight recklessly!
You barely miss Grinder.
Grinder is moderately wounded.
Grinder closely misses you.
You barely miss Grinder.
Grinder is moderately wounded.
Grinder barely misses you.
You hit Grinder. You burn Grinder.
Grinder is heavily wounded.
Grinder closely misses you.
You closely miss Grinder.
Grinder is heavily wounded.
Grinder barely misses you.
You closely miss Grinder.
Grinder is heavily wounded.
Grinder hits you.
You hit Grinder. You burn Grinder.
Grinder is severely wounded.
Grinder hits you!
You writhe in agony.
You closely miss Grinder.
Grinder is severely wounded.
Grinder barely misses you.
You hit Grinder. You burn Grinder.
Grinder is severely wounded.
Grinder barely misses you.
You hit Grinder. You burn Grinder.
Grinder is almost dead.
Grinder hits you!
* * * LOW HITPOINT WARNING * * *
You writhe in agony.
* * * LOW HITPOINT WARNING * * *
You closely miss Grinder.
Grinder is almost dead.
Grinder blinks!
Grinder gestures at you. Pain shoots through your body!
You die...
Grinder says, "Now the real fun starts!"

..########.#.#.##.##..#
...........#...........
##...........##......
#............######.#
#............######.#
#.##................. #
#.##..............
#.##..............
#h##.##.#.#.##..## #.#
.# .#.. ...( #5# #.
..... . #.# ..##.. #
#.# .. #.. #.. ... ###


You could see Grinder.

Vanquished Creatures
  3 adders (D:2)
  A worm (D:2)
  An orc (D:3)
  5 ball pythons (D:1)
  2 endoplasms
  3 giant cockroaches
  9 hobgoblins
  13 jackals
  7 bats
  2 frilled lizards
  8 goblins
  4 kobolds
  3 rats
61 creatures vanquished.

Notes
Turn   | Place    | Note
-------+----------+-------------------------------------------
     0 | D:1      | javelincjr the Troll Shapeshifter began the quest for the
                  | Orb.
     0 | D:1      | Reached XP level 1. HP: 18/18 MP: 0/0
    72 | D:1      | Reached skill level 1 in Fighting
    83 | D:1      | Reached XP level 2. HP: 27/27 MP: 1/1
   753 | D:2      | Reached XP level 3. HP: 32/33 MP: 2/2
   964 | D:2      | Reached XP level 4. HP: 41/41 MP: 3/3
  1434 | D:3      | Found a glowing golden altar of the Shining One.
  1625 | D:3      | Noticed Grinder
  1645 | D:3      | Killed from afar by Grinder

Illustrated notes

Levels and vault maps discovered:
D:1:      minmay_arrival_semitransparent, layout_basic,
          nicolae_figureground_sparkle
D:2:      layout_loops_ring, minmay_increasing_density
D:3:      layout_basic, overflow_temple_1_default, uniq_grinder, uniq_jessica

Skill      XL: |  1  2 |
---------------+-------+-----
Fighting       | 1 |  1.7
Dodging        | 2 |  2.2
Unarmed Combat | |  3.5
Shapeshifting  | |  3.8

Action                     |  1- 3 |  4- 6 || total
---------------------------+-------+-------++-------
  Melee: Unarmed           |    99 |    23 ||   122
         Punch             |     2 |     2 ||     4
         Dagger            |       |    37 ||    37
    Use: Scroll            |       |     3 ||     3
   Stab: Sleeping          |     1 |       ||     1
 Armour: Animal skin       |    47 |    15 ||    62
  Dodge: Dodged            |    61 |    27 ||    88

Table legend: (Time is in decaauts)
 A = Elapsed time spent in this place.
 B = Non-inter-level travel time spent in this place.
 C = Inter-level travel time spent in this place.
 D = Time resting spent in this place.
 E = Time spent auto-exploring this place.
 F = Levels seen in this place.
 G = Mean time per level.
                   A        B        C        D        E       F      G
               +--------+--------+--------+--------+--------+-----+--------+
         Total |   1636 |   1559 |     77 |      0 |   1198 |   3 |  545.3 |
       Dungeon |   1636 |   1559 |     77 |      0 |   1198 |   3 |  545.3 |
               +--------+--------+--------+--------+--------+-----+--------+

Top non-repeatable levels by time:
     D:1: 718 daAuts
     D:2: 670 daAuts
     D:3: 248 daAuts
